 Dungeon Crawl Stone Soup version 0.29-a0-817-g9904bce7a6 (webtiles) character file.

Game seed: 3839309124451752998

65 gobodom the Merchant of Misery (level 3, 0/24 HPs)
             Began as a Demonspawn Necromancer on July 6, 2022.
             Was a Believer of Kikubaaqudgha.
             Succumbed to an adder's poison
             ... on level 4 of the Dungeon.
             The game lasted 00:06:41 (1872 turns).

gobodom the Merchant of Misery (DsNe)               Turns: 1872, Time: 00:06:41

Health: 0/24       AC:  2    Str:  8    XL:     3   Next: 92%
Magic:  1/7        EV: 16    Int: 18    God:    Kikubaaqudgha [**....]
Gold:   106        SH:  0    Dex: 13    Spells: 4/8 levels left

rFire   . . .      SeeInvis .   d - +1 whip (elec)
rCold   . . .      Faith    .   (no shield)
rNeg    . . .      Spirit   .   a - +0 robe
rPois   .          Reflect  .   (helmet restricted)
rElec   .          Harm     .   (no cloak)
rCorr   .          Rampage  .   (no gloves)
Will    .....                   (no boots)
Stlth   ++........              (no amulet)
HPRegen 0.08/turn               c - +4 ring of evasion
MPRegen 0.10/turn               (no ring)

@: lethally poisoned (0 -> -6)
A: antennae 1, powered by death 1
a: Renounce Religion, Unearth Wretches


You were on level 4 of the Dungeon.
You worshipped Kikubaaqudgha.
Kikubaaqudgha was pleased with you.
You visited 1 branch of the dungeon, and saw 3 of its levels.

You collected 106 gold pieces.

Inventory:

Hand Weapons
 d - a +1 whip of electrocution (weapon)
 i - a +1 whip of draining
Armour
 a - a +0 robe (worn)
Jewellery
 c - a +4 ring of evasion (left hand)
Scrolls
 e - a scroll of teleportation
 k - 2 scrolls of amnesia
 m - a scroll of enchant weapon {unknown}
 o - a scroll of torment {unknown}
Potions
 b - a potion of magic
 f - a potion of brilliance
 g - 2 potions of might
 h - a potion of degeneration {unknown}
 j - a potion of resistance {unknown}
 l - a potion of cancellation {unknown}
 n - a potion of flight {unknown}


   Skills:
 + Level 0.1 Maces & Flails
 + Level 2.0 Dodging
 + Level 1.9 Stealth
 + Level 3.1 Spellcasting
 + Level 5.1 Necromancy


You had 4 spell levels left.
You knew the following spells:

 Your Spells              Type           Power      Damage    Failure   Level
a - Necrotise             Necr           84%        1d8       1%          1
b - Vampiric Draining     Necr           21%        2d7       6%          3

Your spell library contained the following spells:

 Spells                   Type           Power      Damage    Failure   Level
 Sublimation of Blood     Necr           21%        N/A       3%          2
 Animate Dead             Necr           21%        N/A       21%         4
 Ensorcelled Hibernation  Hex/Ice        4%         N/A       24%         2
 Passwall                 Tmut/Erth      1%         N/A       24%         2
 Swiftness                Air            2%         N/A       43%         3
 Anguish                  Hex/Necr       6%         N/A       50%         4
 Agony                    Necr           21%        N/A       50%         5


Dungeon Overview and Level Annotations

Branches:
Dungeon (4/15)
 Temple: D:4-7

Altars:
Dithmenos
Kikubaaqudgha

Annotations:
D:4 Blork the orc


Innate Abilities, Weirdness & Mutations

You have a pair of small antennae on your head.
You regenerate a little health from kills.


Message History

You feel very sick. The adder barely misses you.
You are too injured to fight recklessly!
Casting: Necrotise (safe; 1% risk of failure)
Confirm with . or Enter, or press ? or * to list all spells.
The spell is quite dangerous to miscast (6% risk of failure)!
Continue anyway?
Okay, then.
Casting: Vampiric Draining (quite dangerous; 6% risk of failure)
Confirm with . or Enter, or press ? or * to list all spells.
Aiming: Necrotise (safe; 1% risk of failure)
Press: ? - help, Shift-Dir - straight line, f/p - adder
Aim: an adder (moderately wounded, chance to affect: 85%)
The adder writhes in agony!
You feel sick. The adder bites you.
A giant cockroach comes into view.
The adder bites you.
You are more poisoned.
The adder poisons you!
You miss the adder.
The adder is almost dead.
* * * LOW HITPOINT WARNING * * *
You feel very sick. The adder barely misses you.
Casting: Necrotise (safe; 1% risk of failure)
Confirm with . or Enter, or press ? or * to list all spells.
Aiming: Necrotise (safe; 1% risk of failure)
Press: ? - help, Shift-Dir - straight line, f/p - adder
Aim: an adder (almost dead, chance to affect: 85%)
The adder writhes in agony.
You kill the adder!
Kikubaaqudgha accepts your kill.
The dead are slithering!
* * * LOW HITPOINT WARNING * * *
You feel sick.
Your Spellcasting skill increases to level 3!
* * * LOW HITPOINT WARNING * * *
You feel sick.
Your adder skeleton bites the orc but does no damage.
The hobgoblin completely misses your adder skeleton.
You die...
Kikubaaqudgha rasps: "You have failed me!
Welcome... death!"

#.# #####.#
......# =.+
#####.#####.###
#.#.........
##.###.###.####
...............##
[##...###...##..##
#.#. #.#.# #.@# #
. #...###.##
###.g.###B.o.#
#.#. #.#Z.# #. .#
#.g..# .# .###.# #
#. #.# .[ #.# .##
..#


You could see an orc (ally target), a hobgoblin and a friendly adder skeleton.

Vanquished Creatures
  2 adders
  3 dart slugs
  6 ball pythons
  2 endoplasms
  2 giant cockroaches (D:1)
  2 hobgoblins (D:2)
  2 jackals (D:1)
  A quokka (D:1)
  7 bats
  2 frilled lizards (D:2)
  5 goblins
  5 kobolds
  A rat (D:1)
40 creatures vanquished.

Notes
Turn   | Place    | Note
-------+----------+-------------------------------------------
     0 | D:1      | gobodom the Demonspawn Necromancer began the quest for the
                  | Orb.
     0 | D:1      | Reached XP level 1. HP: 13/13 MP: 3/3
   423 | D:1      | Gained mutation: You have a pair of small antennae on your
                  | head. [demonic ancestry]
   423 | D:1      | Reached XP level 2. HP: 19/19 MP: 1/5
   509 | D:1      | Found a faded altar of an unknown god.
   524 | D:1      | Prayed at the altar of an unknown god.
   524 | D:1      | Became a worshipper of Kikubaaqudgha
   524 | D:1      | Reached * piety under Kikubaaqudgha
   524 | D:1      | Received a gift from Kikubaaqudgha
  1041 | D:2      | Gained mutation: You regenerate a little health from kills.
                  | [demonic ancestry]
  1041 | D:2      | Reached XP level 3. HP: 24/24 MP: 0/6
  1316 | D:2      | Learned a level 3 spell: Vampiric Draining
  1322 | D:2      | Reached skill level 5 in Necromancy
  1323 | D:2      | Reached ** piety under Kikubaaqudgha
  1730 | D:2      | You fall into a shaft and drop 2 floors!
  1779 | D:4      | Noticed Blork the orc
  1802 | D:4      | Found a shadowy altar of Dithmenos.
  1871 | D:4      | HP: 1/24 [poisoned by an adder]
  1872 | D:4      | Succumbed to an adder's poison

Illustrated notes

Levels and vault maps discovered:
D:1:      dpeg_arrival_arbitrary_c, layout_loops_ring, basic_ecumenical_altar
D:2:      layout_loops_cross, serial_shops, nicolae_lakefront_shop
D:4:      minmay_chambers_of_twos, layout_loops_ring,
          mainiacjoe_overflow_six_doors_small, mainiacjoe_overflow_brackets,
          tgw_sif, temple_doors_cd, minmay_starry_boxes

Skill      XL: |  1  2  3 |
---------------+----------+-----
Dodging        | 2 |  2.0
Necromancy     | 5 |  5.1
Spellcasting   | 3 |  3.1
Maces & Flails | |  0.1
Stealth        | |  1.9

Action                   || total
-------------------------++-------
Melee: Whip              ||    16
 Cast: Necrotise         ||    63
  Use: Scroll            ||     4
Armor: Robe              ||     6
Dodge: Dodged            ||    20

Table legend: (Time is in decaauts)
 A = Elapsed time spent in this place.
 B = Non-inter-level travel time spent in this place.
 C = Inter-level travel time spent in this place.
 D = Time resting spent in this place.
 E = Time spent auto-exploring this place.
 F = Levels seen in this place.
 G = Mean time per level.
                   A        B        C        D        E       F      G
               +--------+--------+--------+--------+--------+-----+--------+
         Total |   1871 |   1836 |     35 |    235 |   1284 |   3 |  623.7 |
       Dungeon |   1871 |   1836 |     35 |    235 |   1284 |   3 |  623.7 |
               +--------+--------+--------+--------+--------+-----+--------+

Top non-repeatable levels by time:
     D:1: 1003 daAuts
     D:2: 726 daAuts
     D:4: 141 daAuts
